Map: Frozen Temple

Players

Trizztein - Winner!

  • Race: Terran Terran

A.I. 1 (Very Easy)

  • Race: Protoss Protoss

VOD

Have the link to the VOD?

Description

Time

  • Played on: May 10, 2016, 2:28 p.m.
  • Length: 11:58
Show
View Real Time Build Order
Export as new Build Order

Trizztein Terran - Winner!

Build Orders: MMM Bio 

Get SALT Encoding   

  6  0:01  SCV  
  13  0:18  SCV  
  14  0:26  Supply Depot  
  14  0:35  SCV  
  15  0:56  SCV  
  15  0:57  Barracks  
  16  1:03  Refinery  
  16  1:13  SCV  
  17  1:30  SCV  
  18  1:47  SCV  
  19  2:07  Orbital Command  
  20  2:12  Reaper  
  20  2:22  Command Center  
  20  2:38  Supply Depot  
  20  2:42  SCV  
  21  2:54  Barracks Reactor  
  21  2:59  SCV  
  22  3:20  Command Center  
  22  3:25  SCV  
  23  3:34  Unknown  
  23  3:42  SCV  
  23  3:43  Factory  
  24  3:50  Refinery, Marine  
  24  3:53  Marine  
  24  3:59  SCV  
  27  4:10  Orbital Command  
  27  4:15  Marine  
  27  4:16  SCV  
  27  4:19  Marine  
  30  4:33  SCV  
  31  4:40  Marine  
  31  4:43  Marine  
  31  4:49  SCV  
  34  4:50  SCV  
  34  4:51  Factory Tech Lab  
  34  4:56  Barracks  
  35  5:04  Orbital Command  
  35  5:07  SCV x2  
  37  5:10  Marine  
  37  5:18  Marine  
  39  5:24  SCV x2, Cyclone  
  44  5:36  Marine  
  45  5:41  SCV x2  
  45  5:43  SCV, Marine  
  49  5:58  SCV, Supply Depot  
  50  6:01  SCV, Marine  
  50  6:03  Barracks  
  50  6:05  SCV  
  50  6:08  Marine  
  54  6:14  Cyclone, SCV  
  54  6:18  SCV  
  59  6:21  Orbital Command  
  59  6:31  SCV  
  59  6:35  Barracks Tech Lab  
  60  6:42  Supply Depot  
  60  6:46  Refinery, Engineering Bay  
  60  6:47  SCV  
  60  6:48  Refinery, SCV  
  60  6:49  Marine x2  
  64  7:01  SCV  
  64  7:03  SCV  
  64  7:05  SCV  
  67  7:11  Stimpack, Starport  
  67  7:16  Factory Reactor  
  67  7:18  SCV  
  68  7:20  SCV  
  68  7:22  SCV  
  68  7:28  Supply Depot  
  68  7:29  Terran Infantry Weapons Level 1  
  70  7:30  Combat Shields, Supply Depot  
  70  7:34  Marine x2  
  70  7:35  SCV, Marauder x2  
  77  7:48  Missile Turret  
  77  7:51  Missile Turret  
  77  7:55  Missile Turret  
  77  7:58  SCV x3  
  80  8:05  Marauder x2  
  80  8:07  Supply Depot  
  84  8:11  Supply Depot  
  84  8:15  SCV x2  
  84  8:17  Medivac x2  
  90  8:23  Marine x2  
  90  8:29  Factory Reactor  
  92  8:33  SCV  
  92  8:37  SCV x2, Marauder, Marine  
  98  8:48  Supply Depot  
  98  8:49  Supply Depot  
  98  8:50  SCV  
  98  8:53  Marine x2  
  98  8:54  SCV x2  
  103  9:02  Refinery, Marauder  
  103  9:04  Refinery  
  103  9:05  Medivac x2  
  109  9:18  SCV x3, Marine x2  
  114  9:20  Concussive Shells  
  114  9:26  Starport  
  114  9:32  Marauder, Marine, Factory Reactor  
  114  9:35  SCV  
  114  9:37  SCV  
  114  9:38  SCV  
  120  9:43  Marauder, Marine  
  123  9:52  Medivac  
  125  10:07  Missile Turret  
  125  10:09  Barracks  
  125  10:12  Barracks  
  125  10:13  Missile Turret  
  125  10:18  Supply Depot  
  125  10:19  Supply Depot  
  125  10:26  Supply Depot  
  125  10:38  Terran Infantry Armor Level 1  
  125  10:48  Marine x4  
  65  10:50  Widow Mine  
  138  10:56  Widow Mine  
  142  11:04  Supply Depot  
  142  11:05  Supply Depot  
  142  11:06  Supply Depot  
  142  11:13  Marauder x2, Marine x2  
  142  11:15  Barracks Reactor  
  142  11:17  Barracks Tech Lab  
  148  11:29  Bunker  
  148  11:35  Bunker  
  148  11:38  Supply Depot, Marine  
  149  11:40  Supply Depot  
  149  11:46  Marauder, Supply Depot  
  149  11:47  Marauder x2, Marine  
  149  11:48  Unknown  
  149  11:49  Unknown x2  
  156  11:50  Medivac x2  
  156  11:54  Widow Mine x2  
  170  12:03  Marine  
  171  12:12  Marine  
  171  12:15  Engineering Bay  
  171  12:16  Marauder, Marine  
  171  12:18  Armory  
  175  12:20  Marine x3  
  175  12:24  Supply Depot  
  175  12:28  Marine  
  179  12:34  Widow Mine  
  179  12:37  Marine  
  182  12:40  Barracks  
  182  12:41  Marine  
  182  12:42  Barracks  
  182  12:43  Barracks  
  182  12:49  Command Center x2  
  183  12:50  Ghost Academy  
  183  12:51  Unknown x2  
  183  12:52  Marauder  
  183  12:53  Marine x3  
  193  13:15  Widow Mine x2  
  192  13:33  Personal Cloaking  
  192  13:34  Ghost x3  
  192  13:36  Marine x2  
  200  13:53  Terran Ship Weapons Level 1  
  200  14:01  Barracks Tech Lab x2, Barracks Reactor  
  195  14:56  Medivac x2  
  199  15:05  Planetary Fortress  
  199  15:25  Refinery  
  199  15:26  Refinery  
Show
View Real Time Build Order
Export as new Build Order

A.I. 1 (Very Easy) Protoss 

Build Orders:  

Get SALT Encoding   

  6  0:01  Probe (Chrono Boost)  
  13  0:16  Probe (Chrono Boost)  
  14  0:29  Pylon  
  14  0:51  Assimilator  
  14  0:59  Gateway  
  14  1:03  Pylon  
  14  1:43  Assimilator  
  14  2:01  Zealot  
  14  2:03  Probe (Chrono Boost)  
  17  2:11  Cybernetics Core  
  17  2:19  Probe (Chrono Boost)  
  18  2:34  Probe (Chrono Boost)  
  19  2:45  Warp Gate  
  19  2:48  Probe (Chrono Boost)  
  20  3:04  Probe (Chrono Boost)  
  22  3:20  Probe (Chrono Boost)  
  22  3:44  Stalker  
  24  8:29  Probe (Chrono Boost)  
  24  10:15  Probe (Chrono Boost), Adept  
  27  10:20  Pylon  
  27  10:22  Robotics Facility  
  27  10:23  Nexus  
  27  10:32  Probe (Chrono Boost)  
  28  10:47  Probe (Chrono Boost)  
  25  11:01  Probe (Chrono Boost)  
  26  11:27  Observer  
  26  11:32  Stalker  
  28  11:57  Observer  
  29  12:07  Probe (Chrono Boost)  
  30  12:15  Probe (Chrono Boost)  
  30  12:16  Assimilator  
  30  12:18  Assimilator  
  31  12:25  Probe (Chrono Boost)  
  32  12:35  Probe (Chrono Boost)  
  33  12:45  Probe (Chrono Boost)  
  33  12:48  Zealot  
  36  12:57  Probe (Chrono Boost)  
  37  13:05  Probe (Chrono Boost)  
  38  13:15  Probe (Chrono Boost)  
  39  13:25  Probe (Chrono Boost)  
  40  13:35  Probe (Chrono Boost)  
  41  13:45  Probe (Chrono Boost)  
  42  13:55  Probe (Chrono Boost)  
  43  14:05  Probe (Chrono Boost)  
  44  14:15  Probe (Chrono Boost)  
  45  14:25  Probe (Chrono Boost)  
  44  14:30  Zealot  
  44  14:36  Probe (Chrono Boost)  
  44  14:39  Pylon  
  43  14:45  Probe (Chrono Boost)  
  36  15:07  Probe (Chrono Boost)  
  21  15:10  Zealot  
  21  15:19  Pylon  
  23  15:22  Probe (Chrono Boost)  
  22  15:38  Probe (Chrono Boost)  
  23  15:54  Probe (Chrono Boost)  
Tags
 
Composition
MMM Bio
Matchup
PvT
Add a new tag
Caveats
  • Supply blocks, unpowered buildings, or Contaminate may cause inaccurate times.
  • Supply counts are checked every 10 seconds.